BR (22 & UNDER)
PALMYRA OVERLORDS @ AMITY GARDENS WESTERNERS
09/05/2030
 
TOP OF THE 1ST
Palmyra Overlords batting - Pitching for Amity Gardens Westerners : RHP Calogero DeLaurentiis
Pitching: RHP Calogero DeLaurentiis
Batting: SHB Bruno Ardinghi 0-0: Ball
1-0: Foul Ball, location: 2F
1-1: Foul Ball, location: 2F
1-2: Strikes out swinging
Batting: LHB José Rodríguez 0-0: Ball
1-0: Called Strike
1-1: Called Strike
1-2: Strikes out swinging
Batting: LHB Howard Anderson 0-0: Called Strike
0-1: Swinging Strike
0-2: Foul Ball, location: 2F
0-2: Foul Ball, location: 2F
0-2: Ball
1-2: Ball
2-2: Foul Ball, location: 2F
2-2: Ball
3-2: Foul Ball, location: 2F
3-2: Foul Ball, location: 2F
3-2: Strikes out swinging
Top of the 1st over - 0 runs, 0 hits, 0 errors, 0 left on base; Palmyra 0 - Amity Gardens 0
BOTTOM OF THE 1ST
Amity Gardens Westerners batting - Pitching for Palmyra Overlords : LHP Rafael Maniola
Pitching: LHP Rafael Maniola
Batting: RHB Júlio Castillo 0-0: Called Strike
0-1: Swinging Strike
0-2: Ball
1-2: Ground out 6-3 (Groundball, 6)
Batting: SHB Howard Romero 0-0: Ball
1-0: Ball
2-0: SINGLE (Groundball, 4MD)
Batting: RHB Millard Cummings 0-0: Called Strike
0-1: Swinging Strike
0-2: Ball
1-2: Grounds into double play, 6-4-3 (Groundball, 6)
Bottom of the 1st over - 0 runs, 1 hit, 0 errors, 0 left on base; Palmyra 0 - Amity Gardens 0
TOP OF THE 2ND
Palmyra Overlords batting - Pitching for Amity Gardens Westerners : RHP Calogero DeLaurentiis
Batting: RHB Nate Fisher 0-0: Swinging Strike
0-1: Ball
1-1: Called Strike
1-2: Ball
2-2: Strikes out swinging
Batting: LHB Claudio Arce 0-0: Swinging Strike
0-1: Foul Ball, location: 2F
0-2: Ball
1-2: Ball
2-2: Strikes out swinging
Batting: RHB Jesús Salazar 0-0: Ball
1-0: Foul Ball, location: 2F
1-1: Ball
2-1: Swinging Strike
2-2: Foul Ball, location: 2F
2-2: Strikes out swinging
Top of the 2nd over - 0 runs, 0 hits, 0 errors, 0 left on base; Palmyra 0 - Amity Gardens 0
BOTTOM OF THE 2ND
Amity Gardens Westerners batting - Pitching for Palmyra Overlords : LHP Rafael Maniola
Batting: RHB Bill Starr 0-0: Ball
1-0: Ground out 4-3 (Groundball, 34D)
Batting: LHB Eddie Nealon 0-0: Called Strike
0-1: Ball
1-1: Ground out 6-3 (Groundball, 6)
Batting: RHB Iván Ramón 0-0: Fly out, F8 (Flyball, 8RM)
Bottom of the 2nd over - 0 runs, 0 hits, 0 errors, 0 left on base; Palmyra 0 - Amity Gardens 0
TOP OF THE 3RD
Palmyra Overlords batting - Pitching for Amity Gardens Westerners : RHP Calogero DeLaurentiis
Batting: RHB Marius Letizi 0-0: Ball
1-0: Ball
2-0: Foul Ball, location: 2F
2-1: Swinging Strike
2-2: Ball
3-2: Strikes out swinging
Batting: RHB Rafael Castro 0-0: Ball
1-0: SINGLE (Groundball, 4S) (infield hit)
Batting: LHB Christian Lovelass 0-0: Swinging Strike
0-1: Ball
1-1: Foul Ball, location: 2F
1-2: Strikes out swinging
Batting: SHB Bruno Ardinghi 0-0: Ball
1-0: Ball
2-0: Ball
3-0: Called Strike
3-1: Ground out 4-3 (Groundball, 34D)
Top of the 3rd over - 0 runs, 1 hit, 0 errors, 1 left on base; Palmyra 0 - Amity Gardens 0
BOTTOM OF THE 3RD
Amity Gardens Westerners batting - Pitching for Palmyra Overlords : LHP Rafael Maniola
Batting: RHB Pete Rudder 0-0: Called Strike
0-1: Ball
1-1: Ball
2-1: Ball
3-1: Foul Ball, location: 2F
3-2: SOLO HOME RUN (Flyball, 7LD), Distance : 348 ft
Batting: RHB Jorge García 0-0: Foul Ball, location: 2F
0-1: Ball
1-1: Ball
2-1: Ground out 6-3 (Groundball, 6)
Batting: LHB Alberto Paz 0-0: Called Strike
0-1: Ball
1-1: Ball
2-1: Ball
3-1: Called Strike
3-2: Fly out, F7 (Flyball, 7D)
Batting: RHB Júlio Castillo 0-0: Fly out, F8 (Line Drive, 8RM)
Bottom of the 3rd over - 1 run, 1 hit, 0 errors, 0 left on base; Palmyra 0 - Amity Gardens 1
TOP OF THE 4TH
Palmyra Overlords batting - Pitching for Amity Gardens Westerners : RHP Calogero DeLaurentiis
Batting: LHB José Rodríguez 0-0: Called Strike
0-1: Ball
1-1: Ground out 4-3 (Groundball, 4)
Batting: LHB Howard Anderson 0-0: SINGLE (Groundball, 34D)
Batting: RHB Nate Fisher 0-0: Swinging Strike
0-1: Called Strike
0-2: Ball
1-2: Foul Ball, location: 2F
1-2: Foul Ball, location: 2F
1-2: Strikes out swinging
Batting: LHB Claudio Arce 0-0: Ground out U3 (Groundball, 34S)
Top of the 4th over - 0 runs, 1 hit, 0 errors, 1 left on base; Palmyra 0 - Amity Gardens 1
BOTTOM OF THE 4TH
Amity Gardens Westerners batting - Pitching for Palmyra Overlords : LHP Rafael Maniola
Batting: SHB Howard Romero 0-0: Called Strike
0-1: Ball
1-1: Foul Ball, location: 2F
1-2: Strikes out swinging
Batting: RHB Millard Cummings 0-0: Foul Ball, location: 2F
0-1: Ball
1-1: Ball
2-1: Ball
3-1: Foul Ball, location: 2F
3-2: Base on Balls
Batting: RHB Bill Starr 0-0: Called Strike
0-1: Fly out, F8 (Flyball, 8RD)
Batting: LHB Eddie Nealon 0-0: Ball
1-0: Ball
2-0: Fielders Choice at 2nd, 6-4 (Groundball, 6)
Bottom of the 4th over - 0 runs, 0 hits, 0 errors, 1 left on base; Palmyra 0 - Amity Gardens 1
TOP OF THE 5TH
Palmyra Overlords batting - Pitching for Amity Gardens Westerners : RHP Calogero DeLaurentiis
Batting: RHB Jesús Salazar 0-0: Ball
1-0: Called Strike
1-1: Swinging Strike
1-2: Strikes out swinging
Batting: RHB Marius Letizi 0-0: Swinging Strike
0-1: Foul Ball, location: 2F
0-2: Ball
1-2: Ground out 3-1 (Groundball, 3S)
Batting: RHB Rafael Castro 0-0: Foul Ball, location: 2F
0-1: Fly out, F7 (Flyball, 7LSF)
Top of the 5th over - 0 runs, 0 hits, 0 errors, 0 left on base; Palmyra 0 - Amity Gardens 1
BOTTOM OF THE 5TH
Amity Gardens Westerners batting - Pitching for Palmyra Overlords : LHP Rafael Maniola
Batting: RHB Iván Ramón 0-0: Ball
1-0: Swinging Strike
1-1: Called Strike
1-2: Foul Ball, location: 2F
1-2: Foul Ball, location: 2F
1-2: Ball
2-2: Ball
3-2: Base on Balls
Batting: RHB Pete Rudder 0-0: Called Strike
0-1: Called Strike
0-2: Foul Ball, location: 2F
0-2: Ball
1-2: Foul Ball, location: 2F
1-2: Grounds into double play, 6-4-3 (Groundball, 6)
Batting: RHB Jorge García 0-0: Ball
1-0: Ball
2-0: Called Strike
2-1: SOLO HOME RUN (Flyball, 89XD), Distance : 427 ft
Batting: LHB Alberto Paz 0-0: Ball
1-0: Called Strike
1-1: Swinging Strike
1-2: Fly out, F8 (Flyball, 8RS)
Bottom of the 5th over - 1 run, 1 hit, 0 errors, 0 left on base; Palmyra 0 - Amity Gardens 2
TOP OF THE 6TH
Palmyra Overlords batting - Pitching for Amity Gardens Westerners : RHP Calogero DeLaurentiis
Batting: LHB Christian Lovelass 0-0: Called Strike
0-1: Ball
1-1: Foul Ball, location: 2F
1-2: Ball
2-2: Strikes out swinging
Batting: SHB Bruno Ardinghi 0-0: Ball
1-0: Called Strike
1-1: Ball
2-1: Foul Ball, location: 2F
2-2: Ball
3-2: Foul Ball, location: 2F
3-2: Base on Balls
Batting: LHB José Rodríguez 0-0: Called Strike
0-1: Ball
1-1: Ball
2-1: Ball
3-1: TRIPLE (Line Drive, 8LXD)
Bruno Ardinghi scores
Pitching: RHP Willie Bates
Batting: LHB Howard Anderson 0-0: Ball
1-0: Ball
2-0: Ball
3-0: Base on Balls
Batting: RHB Nate Fisher 0-0: Called Strike
0-1: Foul Ball, location: 2F
0-2: Foul Ball, location: 2F
0-2: Ball
1-2: 3-RUN HOME RUN (Flyball, 78XD), Distance : 436 ft
Pitching: RHP Esteban González
Batting: LHB Claudio Arce 0-0: Ball
1-0: Ball
2-0: Called Strike
2-1: Ground out 6-3 (Groundball, 6)
Batting: RHB Jesús Salazar 0-0: Ground out 4-3 (Groundball, 4)
Top of the 6th over - 4 runs, 2 hits, 0 errors, 0 left on base; Palmyra 4 - Amity Gardens 2
BOTTOM OF THE 6TH
Amity Gardens Westerners batting - Pitching for Palmyra Overlords : LHP Rafael Maniola
Batting: RHB Júlio Castillo 0-0: Ball
1-0: Ball
2-0: Ball
3-0: Base on Balls
Batting: SHB Howard Romero 0-0: Swinging Strike
0-1: Ball
1-1: Swinging Strike
1-2: Ball
2-2: Strikes out looking
Batting: RHB Millard Cummings 0-0: Called Strike
0-1: Ball
1-1: Ball
2-1: Swinging Strike
2-2: Fly out, F9 (Flyball, 9LM)
Batting: RHB Bill Starr 0-0: Ball
1-0: Foul Ball, location: 2F
1-1: Ball
2-1: Called Strike
2-2: Ground out 4-3 (Groundball, 4)
Bottom of the 6th over - 0 runs, 0 hits, 0 errors, 1 left on base; Palmyra 4 - Amity Gardens 2
TOP OF THE 7TH
Palmyra Overlords batting - Pitching for Amity Gardens Westerners : RHP Esteban González
Batting: RHB Marius Letizi 0-0: Fly out, F8 (Line Drive, 8LS)
Batting: RHB Rafael Castro 0-0: Called Strike
0-1: Called Strike
0-2: Strikes out swinging
Batting: LHB Christian Lovelass 0-0: Called Strike
0-1: Swinging Strike
0-2: Foul Ball, location: 2F
0-2: Fly out, F8 (Flyball, 8LM)
Top of the 7th over - 0 runs, 0 hits, 0 errors, 0 left on base; Palmyra 4 - Amity Gardens 2
BOTTOM OF THE 7TH
Amity Gardens Westerners batting - Pitching for Palmyra Overlords : LHP Rafael Maniola
Pitching: RHP Brodie Costello
Now in RF: Eusébio Magrio
Batting: LHB Eddie Nealon 0-0: Foul Ball, location: 2F
0-1: Called Strike
0-2: Strikes out swinging
Batting: RHB Iván Ramón 0-0: Ball
1-0: Called Strike
1-1: Called Strike
1-2: Ball
2-2: Fly out, F7 (Flyball, 7)
Batting: RHB Pete Rudder 0-0: Swinging Strike
0-1: Swinging Strike
0-2: Strikes out looking
Bottom of the 7th over - 0 runs, 0 hits, 0 errors, 0 left on base; Palmyra 4 - Amity Gardens 2
TOP OF THE 8TH
Palmyra Overlords batting - Pitching for Amity Gardens Westerners : RHP Esteban González
Batting: SHB Bruno Ardinghi 0-0: Swinging Strike
0-1: Called Strike
0-2: Ball
1-2: Strikes out swinging
Batting: LHB José Rodríguez 0-0: Ground out 6-3 (Groundball, 6M)
Batting: LHB Howard Anderson 0-0: Called Strike
0-1: Ball
1-1: SOLO HOME RUN (Flyball, 9LD), Distance : 356 ft
Batting: RHB Nate Fisher 0-0: Called Strike
0-1: Foul Ball, location: 2F
0-2: Strikes out swinging
Top of the 8th over - 1 run, 1 hit, 0 errors, 0 left on base; Palmyra 5 - Amity Gardens 2
BOTTOM OF THE 8TH
Amity Gardens Westerners batting - Pitching for Palmyra Overlords : RHP Brodie Costello
Now at C: José Pérez
Batting: RHB Jorge García 0-0: Reached on error, E6 (Groundball, 6)
Pitching: LHP José Sánchez
Batting: LHB Alberto Paz 0-0: Foul Ball, location: 2F
0-1: Ball
1-1: Foul Ball, location: 2F
1-2: Ground out 6-3 (Groundball, 6)
Jorge García to third
Pitching: LHP Raúl Luján
Batting: RHB Júlio Castillo 0-0: Ball
1-0: Ball
2-0: Ball
3-0: Called Strike
3-1: Swinging Strike
3-2: Strikes out swinging
Batting: SHB Howard Romero 0-0: Ball
1-0: Ball
2-0: Called Strike
2-1: Foul Ball, location: 2F
2-2: 2-RUN HOME RUN (Flyball, 7D), Distance : 398 ft
Batting: RHB Millard Cummings 0-0: Ball
1-0: Swinging Strike
1-1: Called Strike
1-2: Ball
2-2: Foul Ball, location: 2F
2-2: Ball
3-2: SINGLE (Line Drive, 89M)
Pinch Runner at 1st Manny Olhoa:
Batting: RHB Bill Starr 0-0: Ball
1-0: Ball
Manny Olhoa is caught stealing 2nd base
Bottom of the 8th over - 2 runs, 2 hits, 1 error, 0 left on base; Palmyra 5 - Amity Gardens 4
TOP OF THE 9TH
Palmyra Overlords batting - Pitching for Amity Gardens Westerners : RHP Esteban González
Pitching: RHP Juan Pérez
Now at 1B: Thomas Hollis
Batting: RHB José Pérez 0-0: Called Strike
0-1: Ball
1-1: Ball
2-1: Ball
3-1: Base on Balls
Batting: RHB Jesús Salazar 0-0: Ball
1-0: Called Strike
1-1: Called Strike
1-2: Strikes out swinging
Batting: RHB Marius Letizi 0-0: Ball
1-0: Swinging Strike
1-1: Swinging Strike
1-2: SINGLE (Flyball, 9S)
José Pérez to second
Runner from 2nd tries for 3rd, SAFE, no throw
Pinch Hitting: RHB Gonzalo Hernández Pickoff Throw to First - Out!
0-0: Ball
1-0: 2-RUN HOME RUN (Flyball, 7D), Distance : 398 ft
Batting: LHB Eusébio Magrio 0-0: Swinging Strike
0-1: Ball
1-1: Ball
2-1: Ball
3-1: Base on Balls
Batting: SHB Bruno Ardinghi 0-0: Swinging Strike
0-1: Ball
1-1: Ball
2-1: Fly out, F7 (Flyball, 78M)
Top of the 9th over - 2 runs, 2 hits, 0 errors, 1 left on base; Palmyra 7 - Amity Gardens 4
BOTTOM OF THE 9TH
Amity Gardens Westerners batting - Pitching for Palmyra Overlords : LHP Raúl Luján
Pitching: LHP Anthony Martínez
Now at 1B: Gonzalo Hernández
Batting: RHB Bill Starr 0-0: Called Strike
0-1: Swinging Strike
0-2: SINGLE (Groundball, 34D)
Batting: LHB Eddie Nealon 0-0: Ball
1-0: SINGLE (Line Drive, 7S)
Bill Starr to second
Batting: RHB Iván Ramón 0-0: DOUBLE (Flyball, 78D)
Bill Starr scores
Eddie Nealon to third
Batting: RHB Pete Rudder 0-0: Called Strike
0-1: Ball
1-1: Ball
2-1: Swinging Strike
2-2: Ball
3-2: Foul Ball, location: 2F
3-2: Base on Balls
Pinch Hitting: RHB Ánibal Vega 0-0: Foul Ball, location: 2F
0-1: Ball
1-1: Hit by Pitch
Eddie Nealon scores
Iván Ramón to third
Pete Rudder to second
Pinch Hitting: LHB Jack Mitchell 0-0: Ball
1-0: Called Strike
1-1: Ball
2-1: Ball
3-1: Foul Ball, location: 2F
3-2: Strikes out looking
Batting: RHB Júlio Castillo 0-0: Called Strike
0-1: Foul Ball, location: 2F
0-2: Foul Ball, location: 2F
0-2: Strikes out looking
Pinch Hitting: RHB Alfredo Medina 0-0: Ball
1-0: Foul Ball, location: 2F
1-1: Foul Ball, location: 2F
1-2: Ball
2-2: Strikes out looking
Bottom of the 9th over - 2 runs, 3 hits, 0 errors, 3 left on base; Palmyra 7 - Amity Gardens 6
Saturday, April 7th, 2018 - OOTP Baseball 18.8 Build 76